 Dungeon Crawl Stone Soup version 0.24.0-41-g2ae2f7f1be (webtiles) character file.

Game seed: 3467735770347466053, levelgen mode: deterministic

3789 FishyPogo the Martial Artist (level 10, 0/75 HPs)
             Began as a Gnoll Transmuter on Dec 12, 2019.
             Was an Elder of Makhleb.
             Slain by a hippogriff (3 damage)
             ... on level 8 of the Dungeon.
             The game lasted 00:35:21 (6718 turns).

FishyPogo the Martial Artist (Gnoll Transmuter)     Turns: 6718, Time: 00:35:21

Health: 0/75       AC:  3    Str: 14    XL:     10   Next: 16%
Magic:  20/20      EV: 16    Int: 21    God:    Makhleb [****..]
Gold:   363        SH:  0    Dex: 15    Spells: 7/23 levels left

rFire    + + .     SeeInvis .     - Unarmed
rCold    . . .     Gourm    .   (no shield)
rNeg     . . .     Faith    .   v - +0 leather armour {rF+}
rPois    .         Spirit   .   (no helmet)
rElec    .         Reflect  .   (no cloak)
rCorr    .         Harm     .   (no gloves)
MR       .....                  (no boots)
Stlth    +++.......             (no amulet)
HPRegen  0.22/turn              y - ring of protection from fire
MPRegen  0.17/turn              B - +3 ring of intelligence

@: berserk cooldown, hasted and slowed
A: distributed training, fangs 1, strong nose
a: Minor Destruction, Lesser Servant of Makhleb, Major Destruction, Renounce
Religion


You were on level 8 of the Dungeon.
You worshipped Makhleb.
Makhleb was greatly pleased with you.
You were not hungry.

You visited 2 branches of the dungeon, and saw 9 of its levels.

You collected 363 gold pieces.

Inventory:

Missiles
 a - 187 arrows
 c - 196 stones
 l - 9 boomerangs
 A - 30 poisoned darts (quivered)
Armour
 g - a +0 helmet
 v - a +0 leather armour of fire resistance (worn)
Jewellery
 h - an uncursed ring of fire
 y - a ring of protection from fire (left hand)
 B - a +3 ring of intelligence (right hand)
Scrolls
 b - a scroll of random uselessness {unknown}
 i - 7 scrolls of identify {unknown}
 m - 4 scrolls of immolation {unknown}
 n - a scroll of enchant weapon {unknown}
 q - 4 scrolls of enchant armour {unknown}
 r - 2 scrolls of blinking {unknown}
 t - 2 scrolls of teleportation {unknown}
 u - 3 scrolls of magic mapping {unknown}
Potions
 f - a potion of magic {unknown}
 j - a potion of haste
 k - 4 potions of lignification
 o - 3 potions of heal wounds {unknown}
 p - 2 potions of curing
 s - a potion of resistance
 w - a potion of invisibility {unknown}
 x - a potion of flight
 C - a potion of agility {unknown}
 D - 2 potions of cancellation {unknown}
Comestibles
 d - 19 rations
 z - 7 chunks of flesh


   Skills:
 + Level 5.6 Fighting
 + Level 4.9 Short Blades
 + Level 4.9 Long Blades
 + Level 4.9 Axes
 + Level 4.9 Maces & Flails
 + Level 4.9 Polearms
 + Level 4.9 Staves
 + Level 4.9 Slings
 + Level 4.9 Bows
 + Level 4.9 Crossbows
 + Level 4.9 Throwing
 + Level 4.9 Armour
 + Level 6.8 Dodging
 + Level 4.9 Stealth
 + Level 4.9 Shields
 + Level 8.3 Unarmed Combat
 + Level 7.1 Spellcasting
 + Level 4.0 Conjurations
 + Level 4.0 Hexes
 + Level 4.0 Charms
 + Level 4.0 Summonings
 + Level 4.0 Necromancy
 + Level 4.0 Translocations
 + Level 5.6 Transmutations
 + Level 4.0 Fire Magic
 + Level 4.0 Ice Magic
 + Level 4.0 Air Magic
 + Level 4.0 Earth Magic
 + Level 4.0 Poison Magic
 + Level 5.4 Invocations
 + Level 4.9 Evocations


You had 7 spell levels left.
You knew the following spells:

 Your Spells              Type           Power        Failure   Level  Hunger
a - Magic Dart            Conj           ###.         1%          1    None
b - Poisonous Vapours     Pois/Air       ###...       3%          2    None
c - Mephitic Cloud        Conj/Pois/Air  ###.....     6%          3    #......
d - Dazzling Spray        Conj/Hex       ###...       6%          3    #......
j - Conjure Flame         Conj/Fire      ###.....     6%          3    #......
u - Spider Form           Tmut/Pois      ####......   4%          3    #......
y - Beastly Appendage     Tmut           ####..       1%          1    None

Your spell library contained the following spells:

 Spells                   Type           Power        Failure   Level  Hunger
 Corona                   Hex            ###....      1%          1    None
 Sticks to Snakes         Tmut           ####....     1%          2    None
 Searing Ray              Conj           ###...       3%          2    None
 Slow                     Hex            ###.....     3%          2    None
 Inner Flame              Hex/Fire       ###.....     6%          3    #......
 Portal Projectile        Hex/Tloc       ###...       6%          3    #......
 Ice Form                 Ice/Tmut       ####....     14%         4    ###....
 Cause Fear               Hex            ###.......   21%         4    ###....
 Force Lance              Conj/Tloc      ###.....     21%         4    ###....
 Fulminant Prism          Conj/Hex       ###.......   21%         4    ###....
 Iskenderun's Mystic Bla  Conj           ###.....     21%         4    ###....
 Leda's Liquefaction      Hex/Erth       ###.......   21%         4    ###....
 Blade Hands              Tmut           ####......   28%         5    #####..
 Freezing Cloud           Conj/Ice/Air   ###.......   97%         6    ######.
 Ring of Flames           Chrm/Fire      ###.......   100%        7    #######


Dungeon Overview and Level Annotations

Branches:
Dungeon (8/15)             Temple (1/1) D:4
   Lair: D:8-11

Altars:
Ashenzari
Cheibriados
Dithmenos
Elyvilon
Fedhas
Gozag
Hepliaklqana
Kikubaaqudgha
Makhleb
Nemelex Xobeh
Okawaru
Qazlal
Ru
Sif Muna
Trog
Uskayaw
Vehumet
Wu Jian
Xom
Zin
The Shining One
Lugonu

Annotations:
D:4 1 runed translucent door
D:6 exclusion: water moccasin
D:8 Joseph


Innate Abilities, Weirdness & Mutations

Your experience applies equally to all skills.
You have very sharp teeth.
Your uncanny sense of smell can sniff out nearby items.


Message History

Unknown command.
You hit Joseph but do no damage. You bite Joseph!
Joseph is moderately wounded.
You are no longer berserk.
You are exhausted.
You feel yourself slow down. Joseph barely misses you.
Unknown command.
You hit Joseph.
Joseph is heavily wounded.
The hippogriff barely misses you.
The hippogriff pecks you but does no damage.
The hippogriff claws you.
* * * LOW HITPOINT WARNING * * *
Unknown command.
You hit Joseph.
Joseph is heavily wounded.
Joseph completely misses you. The hippogriff bites you!
* * * LOW HITPOINT WARNING * * *
The hippogriff misses you. The hippogriff claws you.
You die...

#......##..###.####..
#....................
##...#................
...................... .
...........O.....?.##.
#.##.#.#..###)..........
#.##.#.#.......$........
.......@............... #
#.....@...#.#...#..##.
..#.#..###H.#.#.#...#..#
.........................
.#.#...).......#.#>#..##.
#.#..####.....#.#.#..
#.............# #
#.###..####.....#.#.#
##.#.###..####..........
.......................


You could see Joseph and a hippogriff.

Vanquished Creatures
  A two-headed ogre (D:8)
  A deep elf mage (D:6)
  The ghost of Exporg the Ruffian, an amateur TrFi (D:4)
  A spriggan (D:7)
  A hungry ghost (D:7)
  3 ogres
  A phantom (D:7)
  A necrophage (D:8)
  A centaur (D:5)
  A big kobold (D:3)
  2 bullfrogs (D:7)
  A scorpion (D:6)
  3 killer bees (D:7)
  A howler monkey (D:5)
  2 crimson imps
  2 centaur zombies (D:7)
  2 jellies (D:7)
  A hound (D:6)
  4 orc priests
  4 iguanas
  10 orc wizards
  3 worker ants
  Robin (D:3)
  9 gnolls
  A howler monkey skeleton (D:4)
  9 adders
  4 shadow imps
  An ooze (D:1)
  An adder zombie (D:8)
  An adder skeleton (D:6)
  3 worms
  4 dart slugs
  8 leopard geckos
  17 orcs
  A ball python (D:7)
  8 bats
  3 giant cockroaches
  7 hobgoblins
  17 jackals
  6 kobolds
  A quokka (D:3)
  4 frilled lizards
  18 goblins
  A leopard gecko skeleton (D:8)
  16 rats
188 creatures vanquished.

Vanquished Creatures (collateral kills)
  A sky beast (D:6)
  An ice beast (D:6)
2 creatures vanquished.

Vanquished Creatures (others)
  2 withered plants (D:4)
2 creatures vanquished.

Grand Total: 192 creatures vanquished

Notes
Turn   | Place    | Note
-------+----------+-------------------------------------------
     0 | D:1      | FishyPogo the Gnoll Transmuter began the quest for the Orb.
     0 | D:1      | Reached XP level 1. HP: 17/17 MP: 6/6
   247 | D:1      | Reached XP level 2. HP: 23/23 MP: 7/7
   692 | D:1      | Reached XP level 3. HP: 20/28 MP: 9/9
   705 | D:1      | Reached skill level 5 in Spellcasting
   986 | D:1      | Learned a level 3 spell: Spider Form
   996 | D:1      | Reached skill level 1 in Invocations
  1200 | D:2      | Reached skill level 1 in Short Blades
  1200 | D:2      | Reached skill level 1 in Long Blades
  1200 | D:2      | Reached skill level 1 in Axes
  1200 | D:2      | Reached skill level 1 in Maces & Flails
  1200 | D:2      | Reached skill level 1 in Polearms
  1200 | D:2      | Reached skill level 1 in Staves
  1200 | D:2      | Reached skill level 1 in Slings
  1200 | D:2      | Reached skill level 1 in Bows
  1200 | D:2      | Reached skill level 1 in Crossbows
  1200 | D:2      | Reached skill level 1 in Throwing
  1200 | D:2      | Reached skill level 1 in Armour
  1200 | D:2      | Reached skill level 1 in Stealth
  1200 | D:2      | Reached skill level 1 in Shields
  1200 | D:2      | Reached skill level 1 in Evocations
  1200 | D:2      | Reached XP level 4. HP: 19/34 MP: 9/11
  1416 | D:2      | Found a hide-covered altar of Uskayaw.
  1523 | D:2      | Reached skill level 1 in Conjurations
  1523 | D:2      | Reached skill level 1 in Hexes
  1523 | D:2      | Reached skill level 1 in Charms
  1523 | D:2      | Reached skill level 1 in Summonings
  1523 | D:2      | Reached skill level 1 in Necromancy
  1523 | D:2      | Reached skill level 1 in Translocations
  1523 | D:2      | Reached skill level 1 in Fire Magic
  1523 | D:2      | Reached skill level 1 in Ice Magic
  1523 | D:2      | Reached skill level 1 in Air Magic
  1523 | D:2      | Reached skill level 1 in Earth Magic
  1523 | D:2      | Reached skill level 1 in Poison Magic
  1553 | D:2      | Reached XP level 5. HP: 38/40 MP: 10/12
  1575 | D:2      | Found a burning altar of Makhleb.
  1581 | D:2      | Became a worshipper of Makhleb the Destroyer
  1618 | D:2      | Noticed a +0 dagger
  1618 | D:2      | Noticed a +0 hand axe
  1619 | D:2      | Found a hide-covered altar of Uskayaw.
  2051 | D:2      | Found a glowing golden altar of the Shining One.
  2316 | D:3      | Reached * piety under Makhleb
  2339 | D:3      | Noticed a big kobold
  2347 | D:3      | Killed a big kobold
  2347 | D:3      | Reached XP level 6. HP: 44/47 MP: 9/13
  2676 | D:3      | Reached skill level 5 in Dodging
  2710 | D:3      | Reached ** piety under Makhleb
  2762 | D:3      | Noticed Robin
  2773 | D:3      | Killed Robin
  3140 | D:4      | Reached XP level 7. HP: 46/52 MP: 11/15
  3210 | D:4      | Found a staircase to the Ecumenical Temple.
  3219 | D:4      | Reached skill level 7 in Unarmed Combat
  3232 | Temple   | Entered the Ecumenical Temple
  3400 | D:4      | Found an ancient bone altar of Kikubaaqudgha.
  3547 | D:4      | Found a white marble altar of Elyvilon.
  3547 | D:4      | Found a runed translucent door.
  3547 | D:4      | Noticed an angel
  3790 | D:4      | Found a runed translucent door.
  3790 | D:4      | Noticed Exporg's ghost (amateur TrFi)
  4123 | D:4      | Killed Exporg's ghost
  4182 | D:5      | Entered Level 5 of the Dungeon
  4227 | D:5      | Reached XP level 8. HP: 44/60 MP: 14/16
  4357 | D:5      | Noticed a moth of wrath
  4360 | D:5      | Found a bloodstained altar of Trog.
  4393 | D:5      | Reached *** piety under Makhleb
  4451 | D:5      | Found a hazy altar of Hepliaklqana.
  4502 | D:5      | Learned a level 1 spell: Magic Dart
  4506 | D:5      | Learned a level 3 spell: Dazzling Spray
  4642 | D:5      | Found a sacrificial altar of Ru.
  5403 | D:6      | Found a radiant altar of Vehumet.
  5727 | D:6      | Reached XP level 9. HP: 62/66 MP: 16/18
  5780 | D:6      | Noticed a deep elf mage
  5793 | D:6      | Killed a deep elf mage
  5793 | D:6      | Reached skill level 5 in Transmutations
  5801 | D:6      | Learned a level 3 spell: Mephitic Cloud
  5807 | D:6      | Learned a level 3 spell: Conjure Flame
  5810 | D:6      | Learned a level 2 spell: Poisonous Vapours
  5905 | D:7      | Found a blossoming altar of Fedhas.
  6144 | D:7      | Reached skill level 5 in Fighting
  6298 | D:7      | Reached **** piety under Makhleb
  6298 | D:7      | Reached skill level 8 in Unarmed Combat
  6542 | D:7      | Reached skill level 5 in Invocations
  6654 | D:8      | Found a sparkling altar of Nemelex Xobeh.
  6676 | D:8      | Noticed a two-headed ogre
  6697 | D:8      | Killed a two-headed ogre
  6697 | D:8      | Reached XP level 10. HP: 39/75 MP: 20/20
  6707 | D:8      | Noticed Joseph
  6718 | D:8      | HP: 3/75 [hippogriff (9)]
  6718 | D:8      | Slain by a hippogriff

Levels and vault maps discovered:
D:1:      evilmike_arrival_crescent, layout_loops_corners
D:2:      layout_basic, bloody_makhleb, nicolae_overflow_crystal_walls,
          dancing_weapons_uskayaw, minmay_hexomino_r4
D:3:      layout_basic, first_ration, minmay_misc_feat_cross, st_stairs_3,
          uniq_robin
D:4:      layout_loops_ring, kiku_gazebo_garden_becter,
          minmay_temple_entry_proselytizer, serial_forest,
          infiniplex_forest_fountain, infiniplex_forest_straight_4,
          infiniplex_forest_clump_long, infiniplex_forest_lined_room_3,
          infiniplex_forest_corner_2, infiniplex_forest_clump_medium,
          infiniplex_forest_lined_room_3, gammafunk_ghost_grave,
          lemuel_angel_altar
D:5:      layout_rooms, overflow_temple_1_default, tgw_trog,
          kennysheep_little_box, dk_vineyard_2,
          minmay_a_box_with_orc_wizards_in_it
D:6:      layout_basic, lemuel_round_altar, guppyfry_early_elven_hall
D:7:      layout_basic, fedhas_altar_3, the_bakery
D:8:      layout_basic, yredelemnul_forgotten_temple_becter,
          nemelex_xobeh_ov_fountains_minmay, gammafunk_ghost_stat_death,
          minmay_manual_mandibuliform, uniq_prince_ribbit1, uniq_joseph,
          uniq_maurice
Temple:   kb_corrupted_temple

Skill      XL: |  1  2  3  4  5  6  7  8  9 |
---------------+----------------------------+-----
Spellcasting   | 5 6 7 |  7.1
Invocations    | 1 2 3 4 5 |  5.4
Short Blades   | 1 2 3 4 |  4.9
Long Blades    | 1 2 3 4 |  4.9
Axes           | 1 2 3 4 |  4.9
Maces & Flails | 1 2 3 4 |  4.9
Polearms       | 1 2 3 4 |  4.9
Staves         | 1 2 3 4 |  4.9
Slings         | 1 2 3 4 |  4.9
Bows           | 1 2 3 4 |  4.9
Crossbows      | 1 2 3 4 |  4.9
Throwing       | 1 2 3 4 |  4.9
Armour         | 1 2 3 4 |  4.9
Stealth        | 1 2 3 4 |  4.9
Shields        | 1 2 3 4 |  4.9
Evocations     | 1 2 3 4 |  4.9
Conjurations   | 1 2 3 4 |  4.0
Hexes          | 1 2 3 4 |  4.0
Charms         | 1 2 3 4 |  4.0
Summonings     | 1 2 3 4 |  4.0
Necromancy     | 1 2 3 4 |  4.0
Translocations | 1 2 3 4 |  4.0
Fire Magic     | 1 2 3 4 |  4.0
Ice Magic      | 1 2 3 4 |  4.0
Air Magic      | 1 2 3 4 |  4.0
Earth Magic    | 1 2 3 4 |  4.0
Poison Magic   | 1 2 3 4 |  4.0
Fighting       | 3 4 5 |  5.6
Transmutations | 4 5 |  5.6
Dodging        | 5 6 |  6.8
Unarmed Combat | 7 8 |  8.3

Action                   |  1- 3 |  4- 6 |  7- 9 | 10-12 || total
-------------------------+-------+-------+-------+-------++-------
Melee: Unarmed           |    64 |   219 |   278 |    10 ||   571
       Headbutt          |     4 |     6 |     7 |       ||    17
       Kick              |     9 |    16 |    11 |       ||    36
       Bite              |     2 |    16 |    18 |     1 ||    37
       Punch             |       |     4 |     3 |       ||     7
Throw: Stone             |    10 |       |     2 |       ||    12
       Dart              |       |       |    14 |       ||    14
 Cast: Beastly Appendage |    13 |    26 |    20 |       ||    59
       Spider Form       |     1 |     5 |    16 |       ||    22
       Magic Dart        |       |       |    13 |       ||    13
       Poisonous Vapours |       |       |    10 |       ||    10
Invok: Minor Destruction |       |       |    38 |     2 ||    40
       Lesser Servant of |       |       |     1 |       ||     1
       Major Destruction |       |       |     1 |       ||     1
  Use: Potion            |       |     3 |       |     2 ||     5
 Stab: Sleeping          |     3 |     4 |     7 |       ||    14
       Distracted        |       |       |     1 |       ||     1
  Eat: Chunk             |     1 |     6 |    13 |       ||    20
Armor: Robe              |     9 |    17 |       |       ||    26
       Skin              |       |     4 |     3 |       ||     7
       Leather armour    |       |       |    14 |     2 ||    16
Dodge: Dodged            |    38 |   147 |   162 |     9 ||   356
